 Dungeon Crawl Stone Soup version 0.24.0-123-gd5b16e6ec5 (webtiles) character file.

Game seed: 14070038061190682760, levelgen mode: deterministic

17680 Elellon the Severer (level 12, -9/110 HPs)
             Began as a Deep Dwarf Fighter on Jan 15, 2020.
             Was a High Priest of Makhleb.
             Mangled by a nine-headed hydra (10 damage)
             ... on level 11 of the Dungeon.
             The game lasted 00:23:23 (9490 turns).

Elellon the Severer (Deep Dwarf Fighter)            Turns: 9490, Time: 00:23:24

Health: -9/110     AC: 16    Str: 28    XL:     12   Next: 21%
Magic:  0/11       EV: 10    Int:  6    God:    Makhleb [*****.]
Gold:   1054       SH:  0    Dex: 12    Spells: 11/11 levels left

rFire    . . .     SeeInvis +   F - +8 mithril axe "Arga" {speed, MR+}
rCold    + . .     Gourm    .   (no shield)
rNeg     + . .     Faith    .   u - +4 ring mail {rC+}
rPois    .         Spirit   +   Q - +1 helmet
rElec    .         Reflect  .   v - +0 cloak
rCorr    .         Harm     .   D - +0 pair of gloves
MR       ++...                  (no boots)
Stlth    +.........             w - amulet of guardian spirit
HPRegen  0.00/turn              s - ring of see invisible
MPRegen  0.12/turn              a - ring of Zischool {rN+ Str+4 Int-4 Slay+2}

@: non-regenerating
A: damage resistance, heal wounds, sense surroundings 2, no regeneration
a: Heal Wounds, Minor Destruction, Lesser Servant of Makhleb, Major Destruction,
Greater Servant of Makhleb, Renounce Religion


You were on level 11 of the Dungeon.
You worshipped Makhleb.
Makhleb was extremely pleased with you.
You were hungry.

You visited 3 branches of the dungeon, and saw 13 of its levels.

You collected 1054 gold pieces.

Inventory:

Hand Weapons
 F - the +8 mithril axe "Arga" (weapon) {speed, MR+}
   (You found it on level 8 of the Dungeon)

   Attacks with this weapon are significantly faster.
   It affects your resistance to hostile enchantments.
 L - a +0 broad axe
 S - a +0 dire flail
Armour
 c - a +0 shield
 n - a +1 ring mail of poison resistance
 p - a +1 helmet
 u - a +4 ring mail of cold resistance (worn)
 v - a +0 cloak (worn)
 D - a +0 pair of gloves (worn)
 Q - a +1 helmet (worn)
Jewellery
 a - the ring of Zischool (right hand) {rN+ Str+4 Int-4 Slay+2}
   (You found it on level 9 of the Dungeon)

   [ring of strength]

   It affects your strength (+4).
   It affects your intelligence (-4).
   It affects your accuracy and damage with ranged weapons and melee attacks
   (+2).
   It protects you from negative energy.
 e - an uncursed ring of protection from cold
 s - a ring of see invisible (left hand)
 w - an amulet of guardian spirit (around neck)
 N - an uncursed ring of ice
Wands
 G - a wand of flame (13)
 I - a wand of random effects (31)
 P - a wand of digging (6)
 R - a wand of disintegration (14)
Scrolls
 b - 2 scrolls of blinking
 g - 3 scrolls of identify
 k - 2 scrolls of fog
 m - 7 scrolls of teleportation
 r - 2 scrolls of immolation
 x - 3 scrolls of random uselessness {unknown}
 y - 2 scrolls of remove curse {unknown}
 A - 2 scrolls of enchant armour {unknown}
 C - 3 scrolls of amnesia {unknown}
 E - a scroll of fear {unknown}
 H - 2 scrolls of noise {unknown}
 J - a scroll of torment {unknown}
 M - a scroll of enchant weapon {unknown}
Potions
 d - 5 potions of might
 h - a potion of haste {unknown}
 i - 3 potions of ambrosia
 j - 2 potions of flight
 l - 3 potions of mutation
 o - a potion of brilliance {unknown}
 q - 3 potions of invisibility
 t - a potion of lignification {unknown}
 z - 2 potions of agility
 B - 9 potions of curing
 K - a potion of heal wounds {unknown}
Comestibles
 f - 23 rations


   Skills:
 + Level 7.6 Fighting
 * Level 15.8 Axes
 + Level 9.1 Armour
 + Level 9.1 Shields


You had 11 spell levels left.
You didn't know any spells.
Your spell library contained the following spells:

 Spells                   Type           Power        Failure   Level  Hunger
 Corona                   Hex            #......      56%         1    ##.....
 Shock                    Conj/Air       #...         56%         1    ##.....
 Summon Small Mammal      Summ           #...         56%         1    ##.....
 Call Imp                 Summ           #.......     71%         2    ###....
 Ensorcelled Hibernation  Hex/Ice        #.....       71%         2    ###....
 Swiftness                Chrm/Air       #.......     71%         2    ###....
 Call Canine Familiar     Summ           #.......     90%         3    ####...
 Confuse                  Hex            #.......     90%         3    ####...
 Dazzling Spray           Conj/Hex       #.....       90%         3    ####...
 Static Discharge         Conj/Air       #.......     90%         3    ####...
 Summon Guardian Golem    Hex/Summ       #.......     90%         3    ####...
 Tukima's Dance           Hex            #.......     90%         3    ####...
 Airstrike                Air            #.........   100%        4    #####..
 Summon Ice Beast         Ice/Summ       #.......     100%        4    #####..
 Summon Lightning Spire   Summ/Air       #.......     100%        4    #####..
 Lightning Bolt           Conj/Air       #.........   100%        5    ######.


Dungeon Overview and Level Annotations

Branches:
Dungeon (11/15)            Temple (1/1) D:5            Lair (0/6) D:9
    Orc (1/2) D:10

Altars:
Ashenzari
Cheibriados
Dithmenos
Elyvilon
Fedhas
Gozag
Hepliaklqana
Kikubaaqudgha
Makhleb
Nemelex Xobeh
Okawaru
Qazlal
Ru
Sif Muna
Trog
Uskayaw
Vehumet
Wu Jian
Xom
Yredelemnul
Zin
The Shining One

Shops:
D:5 }   D:7 [   Orc:1 *

Annotations:
D:8 3 runed translucent doors, Xerdoz's ghost, novice OpTm; onono's ghost, novice TeFE; stultus's ghost, novice TrFi


Innate Abilities, Weirdness & Mutations

You are resistant to damage.
You can heal yourself by infusing magical energy.
You passively map the area around you.
You do not regenerate.


Message History

The nine-headed hydra bites you.
* * * LOW HITPOINT WARNING * * *
You continue taking off your +0 shield.
You block the nine-headed hydra's attack.
The nine-headed hydra bites you but does no damage.
The nine-headed hydra bites you.
* * * LOW HITPOINT WARNING * * *
The nine-headed hydra bites you!
* * * LOW HITPOINT WARNING * * *
The nine-headed hydra completely misses you.
The nine-headed hydra bites you.
You block the nine-headed hydra's attack. x2
The nine-headed hydra barely misses you.
You finish taking off your +0 shield.
The nine-headed hydra bites you!
* * * LOW HITPOINT WARNING * * *
The nine-headed hydra bites you.
* * * LOW HITPOINT WARNING * * *
The nine-headed hydra bites you!
You die...

############################
...................<.......######
######..#####....#####...........
#..................###.#####.
######..#####.....###### #.# #.
...# ##...........# #.# #. ##.#
#...#####...# ##.# ###. #.# #...#
#...# #..# #... #.# #...#####.@.#
##.## #.##
##.####.......#D..######.#.###.#
#.............))........###....##
#.....#######......#####.#.#≈≈≈≈≈
#..................# ##.#≈#####
#.....#######.[....# #.#≈#
#.....# #.##...# #.#≈#, , #.....#
#.###.## #.#≈# ** #.....# #.# #.#
#.#≈#,,


You could see a nine-headed hydra.

Vanquished Creatures
  Gastronok (D:11)
  A centaur warrior (D:10)
  2 two-headed ogres (D:9)
  A catoblepas (D:11)
  An unseen horror (D:10)
  Pikel (D:4)
  An orc knight (Orc:1)
  2 orc sorcerers (Orc:1)
  A gargoyle (D:11)
  2 centaur skeletons
  A komodo dragon (D:10)
  2 trolls
  A hippogriff (D:9)
  A wyvern (D:11)
  A vampire (D:10)
  A yak (D:11)
  Menkaure (D:5)
  2 hungry ghosts
  11 orc warriors
  3 black bears
  5 ice beasts
  A hornet zombie (D:9)
  13 ogres
  3 sky beasts
  2 eyes of draining
  4 phantoms
  2 necrophages
  3 centaurs
  A crocodile (D:8)
  12 bullfrogs
  7 big kobolds
  3 gnoll sergeants (D:10)
  2 wyvern skeletons
  6 killer bees (D:7)
  5 wights
  3 howler monkeys
  11 crimson imps
  A quasit (D:7)
  2 bullfrog zombies
  2 gnoll shamans
  8 hounds
  10 orc wizards
  Crazy Yiuf (D:5)
  5 bullfrog skeletons
  5 jellies
  8 orc priests
  4 iguanas
  Terence (D:3)
  8 worker ants
  Natasha (twice) (D:4)
  2 hound skeletons
  2 worker ant zombies
  12 adders
  7 gnolls
  3 shadow imps
  3 white imps (D:8)
  An adder skeleton (D:9)
  8 worms
  2 dart slugs
  6 leopard geckos
  50 orcs
  A ball python (D:6)
  5 giant cockroaches
  6 goblins
  12 hobgoblins
  18 jackals
  3 quokkas
  9 bats
  4 frilled lizards
  25 kobolds
  A quokka skeleton (D:7)
  11 rats
  2 fungi (D:5)
370 creatures vanquished.

Vanquished Creatures (others)
  2 slaves (D:4)
  Natasha (D:4)
  An adder (D:4)
  3 gnolls (D:4)
  A dart slug (D:4)
  A ball python (D:4)
  A giant cockroach (D:4)
  3 jackals (D:4)
  2 withered plants (D:8)
15 creatures vanquished.

Grand Total: 385 creatures vanquished

Notes
Turn   | Place    | Note
-------+----------+-------------------------------------------
     0 | D:1      | Elellon the Deep Dwarf Fighter began the quest for the Orb.
     0 | D:1      | Reached XP level 1. HP: 20/20 MP: 1/1
    87 | D:1      | Reached skill level 3 in Axes
   106 | D:1      | Reached XP level 2. HP: 27/27 MP: 2/2
   532 | D:1      | Reached XP level 3. HP: 31/33 MP: 3/3
   620 | D:1      | Reached skill level 4 in Axes
   841 | D:2      | Found a sparkling altar of Nemelex Xobeh.
   995 | D:2      | Reached XP level 4. HP: 33/40 MP: 4/4
  1106 | D:2      | Reached skill level 5 in Axes
  1354 | D:3      | Noticed Terence
  1358 | D:3      | Killed Terence
  1501 | D:3      | Reached XP level 5. HP: 26/46 MP: 5/5
  1743 | D:3      | Reached skill level 6 in Axes
  2152 | D:4      | Noticed Pikel
  2152 | D:4      | Noticed a slave
  2152 | D:4      | Noticed a slave
  2152 | D:4      | Noticed a slave
  2156 | D:4      | Noticed a slave
  2160 | D:4      | Noticed a black bear
  2185 | D:4      | Killed Pikel
  2185 | D:4      | Reached skill level 8 in Axes
  2185 | D:4      | Reached XP level 6. HP: 19/55 MP: 6/6
  2185 | D:4      | Reached XP level 7. HP: 21/61 MP: 7/7
  2196 | D:4      | Reached skill level 9 in Axes
  2465 | D:4      | Reached skill level 10 in Axes
  2577 | D:4      | Reached XP level 8. HP: 35/68 MP: 8/8
  2648 | D:4      | Noticed Natasha
  2657 | D:4      | Killed Natasha
  2849 | D:4      | Killed Natasha
  2955 | D:4      | Noticed Natasha
  2960 | D:4      | Killed Natasha
  3271 | D:5      | Entered Level 5 of the Dungeon
  3621 | D:5      | Reached skill level 11 in Axes
  3885 | D:5      | Noticed Menkaure
  3898 | D:5      | Killed Menkaure
  3898 | D:5      | Reached skill level 12 in Axes
  4006 | D:5      | Found Ecagaqor's Gadget Shoppe.
  4078 | D:5      | Found a staircase to the Ecumenical Temple.
  4084 | Temple   | Entered the Ecumenical Temple
  4183 | Temple   | Became a worshipper of Makhleb the Destroyer
  4430 | D:5      | Found a runed translucent door.
  4431 | D:5      | Noticed Crazy Yiuf
  4440 | D:5      | Killed Crazy Yiuf
  4747 | D:6      | Gained mutation: You passively map the area around you.
                  | [Deep Dwarf growth]
  4747 | D:6      | Reached XP level 9. HP: 35/76 MP: 9/9
  5006 | D:6      | Reached * piety under Makhleb
  5535 | D:7      | Reached skill level 5 in Armour
  5535 | D:7      | Reached skill level 5 in Shields
  5694 | D:7      | Reached skill level 13 in Axes
  5742 | D:7      | Found Vadumaig's Antique Armour Shoppe.
  6260 | D:8      | Reached ** piety under Makhleb
  6268 | D:8      | Reached XP level 10. HP: 63/87 MP: 10/10
  6490 | D:8      | Found a runed translucent gate.
  6491 | D:8      | Found a runed translucent gate.
  6492 | D:8      | Found a runed translucent gate.
  6645 | D:8      | Noticed onono's ghost (novice TeFE)
  6645 | D:8      | Noticed stultus's ghost (novice TrFi)
  6645 | D:8      | Noticed Xerdoz's ghost (novice OpTm)
  6803 | D:8      | Found the +8 mithril axe "Arga" {speed, MR+}
  6816 | D:8      | Reached skill level 5 in Fighting
  6889 | D:9      | Found a staircase to the Lair.
  6909 | D:9      | Reached *** piety under Makhleb
  6946 | D:9      | Noticed a two-headed ogre
  6947 | D:9      | Noticed a two-headed ogre
  6955 | D:9      | Killed a two-headed ogre
  6963 | D:9      | Killed a two-headed ogre
  6963 | D:9      | Reached skill level 14 in Axes
  7305 | D:9      | Got a twitching lapis lazuli ring
  7377 | D:9      | Found a radiant altar of Vehumet.
  7421 | D:10     | Entered Level 10 of the Dungeon
  7519 | D:10     | Reached XP level 11. HP: 85/97 MP: 0/11
  7673 | D:10     | Noticed a centaur warrior
  7682 | D:10     | Killed a centaur warrior
  7773 | D:10     | Found a staircase to the Orcish Mines.
  7789 | D:10     | Reached **** piety under Makhleb
  7869 | D:10     | Noticed an unseen horror
  7878 | D:10     | Killed an unseen horror
  8179 | D:11     | Reached skill level 15 in Axes
  8356 | D:11     | Noticed a catoblepas
  8383 | D:11     | Killed a catoblepas
  8648 | D:11     | Noticed Gastronok
  8666 | D:11     | Killed Gastronok
  8771 | D:11     | Reached XP level 12. HP: 103/109 MP: 0/12
  8780 | D:11     | Noticed an eight-headed hydra
  8792 | D:11     | Reached ***** piety under Makhleb
  8930 | D:11     | Noticed an eight-headed hydra
  9005 | Orc:1    | Entered Level 1 of the Orcish Mines
  9109 | Orc:1    | Found Giudaull's Goods Gallery.
  9379 | D:10     | Identified the ring of Zischool {rN+ Str+4 Int-4 Slay+2}
                  | (You found it on level 9 of the Dungeon)
  9490 | D:11     | HP: 2/110 [nine-headed hydra (8)]
  9490 | D:11     | Mangled by a nine-headed hydra

Levels and vault maps discovered:
D:1:      dpeg_arrival_rooms_c, layout_basic, st_stairs_3
D:2:      layout_rooms, lemuel_round_altar
D:3:      minmay_door_path, layout_loops_cross, serial_glass, glass_columns_a,
          glass_columns_b, due_unseen_surprise, feat_on_display,
          item_on_display_a, kennysheep_generic_room_16, uniq_terence
D:4:      minmay_recursive_quarters, layout_basic, uniq_pikel, uniq_natasha
D:5:      layout_basic, minmay_temple_entry_fiery, first_ration, serial_shops,
          kennysheep_little_box, uniq_menkaure, uniq_crazy_yiuf_cottage
D:6:      layout_loops_ring
D:7:      layout_basic, serial_shops, nicolae_shop_statue_plus, grunt_ogre_cave,
          minivault_25, minmay_tree_intersection
D:8:      layout_loops_corners, gammafunk_ghost_cemetery, minmay_nine_imps
D:9:      layout_long_grid, dpeg_oklobed_lair, basic_altar
D:10:     kennysheep_ambush_hall, layout_loops_ring,
          kennysheep_orc_monster_closet_entryway
D:11:     cheibrodos_ideogram_h, layout_loops_ring, uniq_gastronok
Temple:   compressed_dpeg_circular_temple
Orc:1:    layout_diamond_mine, nicolae_alphabet_shops,
          nicolae_orc_sculptors_studio

Skill      XL: |  1  2  3  4  5  6  7  8  9 10 11 12 |
---------------+-------------------------------------+-----
Axes           | 3 4 5 8 10 12 13 14 15 | 15.8
Fighting       | 3 4 6 7 |  7.6
Armour         | 5 7 8 9 |  9.1
Shields        | 5 7 8 9 |  9.1

Action                   |  1- 3 |  4- 6 |  7- 9 | 10-12 || total
-------------------------+-------+-------+-------+-------++-------
Melee: War axe           |   112 |   147 |   608 |    75 ||   942
       Broad axe         |       |       |       |   418 ||   418
 Abil: Heal Wounds       |       |       |    15 |     3 ||    18
  Use: Scroll            |       |     4 |     1 |    10 ||    15
 Stab: Petrified         |       |       |       |     1 ||     1
  Eat: Chunk             |     1 |     3 |    10 |    11 ||    25
       Ration            |       |       |     3 |       ||     3
Armor: Scale mail        |    23 |       |       |       ||    23
       Ring mail         |    13 |    56 |   237 |   165 ||   471
Dodge: Dodged            |    38 |    44 |   154 |   103 ||   339
Block: Shield            |    55 |    74 |   269 |   184 ||   582
